 Dungeon Crawl Stone Soup version 0.28-a0-1447-ga5a8893891 (webtiles) character file.

Game seed: 10064123087297614605

35 knot the Chopper (level 3, 43/43 HPs)
             Began as a Demonspawn Berserker on Jan 12, 2022.
             Was a Follower of Trog.
             Quit the game on level 2 of the Dungeon.
             The game lasted 00:00:54 (1081 turns).

knot the Chopper (Demonspawn Berserker)             Turns: 1081, Time: 00:00:55

Health: 43/43      AC:  8    Str: 17    XL:     3   Next: 16%
Magic:  3/3        EV: 11    Int: 10    God:    Trog [*.....]
Gold:   127        SH:  0    Dex: 12    Spells: 2/2 levels left

rFire   . . .      SeeInvis .   a - +0 hand axe
rCold   . . .      Faith    .   (no shield)
rNeg    . . .      Spirit   .   g - +0 ring mail
rPois   .          Reflect  .   (no helmet)
rElec   .          Harm     .   (no cloak)
rCorr   .          Rampage  .   b - +0 pair of gloves
Will    .....                   e - +1 pair of boots
Stlth   ..........              (no amulet)
HPRegen 0.14/turn               (no ring)
MPRegen 0.08/turn               (no ring)

@: berserking, very quick
A: claws 1, foul stench 1
a: Renounce Religion, Berserk


You were on level 2 of the Dungeon.
You worshipped Trog.
Trog was aware of your devotion.
You visited 1 branch of the dungeon, and saw 2 of its levels.

You collected 127 gold pieces.

Inventory:

Hand Weapons
 a - a +0 hand axe (weapon)
Armour
 b - a +0 pair of gloves (worn)
 e - a +1 pair of boots (worn)
 g - a +0 ring mail (worn)
Scrolls
 c - a scroll of teleportation {unknown}
 f - a scroll of enchant weapon {unknown}
Potions
 d - a potion of curing {unknown}


   Skills:
 - Level 3.0 Fighting
 + Level 3.9 Axes
 - Level 1.7 Armour
 - Level 1.7 Dodging


You had 2 spell levels left.
You didn't know any spells.
Your spell library was empty.

Dungeon Overview and Level Annotations

Branches:
Dungeon (2/15)

Altars:

Shops:
D:1 [


Innate Abilities, Weirdness & Mutations

You have sharp fingernails.
You may rarely emit foul miasma when damaged in melee.


Message History

Where to? (Enter - D:1 @ (x,y), ? - help)
There is an open door here.
There is a stone staircase leading down here.
You climb downwards.
Found a dagger.
Found an escape hatch in the ceiling.
There is a stone staircase leading up here.
There is a stone staircase leading up here.
There is an escape hatch in the ceiling here.
An adder comes into view.
The adder hisses angrily.
An adder is nearby!
An adder is nearby!
The adder barely misses you.
You hit the adder.
The adder is moderately wounded.
The adder barely misses you.
You hit the adder.
The adder is moderately wounded.
The adder bites you but does no damage. The adder barely misses you.
A red film seems to cover your vision as you go berserk!
You feel yourself moving faster!
You feel mighty! The adder bites you but does no damage.
You closely miss the adder.
The adder is moderately wounded.
The adder barely misses you.
You completely miss the adder.
The adder is moderately wounded.
The adder barely misses you.
You closely miss the adder.
The adder is moderately wounded.
The adder closely misses you.
You slash the adder!
You kill the adder!
Trog accepts your kill.
You have reached level 3!
Your experience leads to an increase in your attributes!
Increase (S)trength, (I)ntelligence, or (D)exterity?
You feel clever. x2; Your demonic ancestry asserts itself...
You begin to emit a foul stench of rot and decay.
Are you sure you want to abandon this character and quit the game? (Confirm with "yes".)

###################
#..................
####.########...########
.....# #.#.###.....
###### #.#.@†.....#
..#####.##.# ####


There were no monsters in sight!

Vanquished Creatures
  A gnoll (D:1)
  An adder (D:2)
  2 dart slugs (D:1)
  A giant cockroach (D:1)
  2 goblins (D:1)
  2 hobgoblins (D:1)
  A quokka (D:1)
  2 ball pythons (D:1)
  A bat (D:1)
13 creatures vanquished.

Notes
Turn   | Place    | Note
-------+----------+-------------------------------------------
     0 | D:1      | knot the Demonspawn Berserker began the quest for the Orb.
     0 | D:1      | Reached XP level 1. HP: 18/18 MP: 1/1
   220 | D:1      | Found a faded altar of an unknown god.
   298 | D:1      | Found Atynwu's Armour Emporium.
   383 | D:1      | Gained mutation: You have sharp fingernails. [demonic
                  | ancestry]
   383 | D:1      | Reached XP level 2. HP: 23/24 MP: 2/2
  1081 | D:2      | Gained mutation: You may rarely emit foul miasma when
                  | damaged in melee. [demonic ancestry]
  1081 | D:2      | Reached XP level 3. HP: 29/29 MP: 3/3
  1081 | D:2      | Quit the game

Illustrated notes

Levels and vault maps discovered:
D:1:      tarquinn_simple_flora_water_c, layout_basic,
          shapermc_ecumenical_altar_starsandcircs, serial_shops, shop
D:2:      layout_loops_ring, uniq_terence

Skill      XL: |  1 |
---------------+----+-----
Axes           | 3 |  3.9
Fighting       | |  3.0
Armour         | |  1.7
Dodging        | |  1.7

Action                   || total
-------------------------++-------
Melee: Hand axe          ||    52
       Punch             ||     1
Invok: Berserk           ||     2
Armor: Animal skin       ||    12
       Ring mail         ||     5
Dodge: Dodged            ||    34

Table legend: (Time is in decaauts)
 A = Elapsed time spent in this place.
 B = Non-inter-level travel time spent in this place.
 C = Inter-level travel time spent in this place.
 D = Time resting spent in this place.
 E = Time spent auto-exploring this place.
 F = Levels seen in this place.
 G = Mean time per level.
                   A        B        C        D        E       F      G
               +--------+--------+--------+--------+--------+-----+--------+
         Total |   1096 |   1069 |     27 |    208 |    722 |   2 |  548.0 |
       Dungeon |   1096 |   1069 |     27 |    208 |    722 |   2 |  548.0 |
               +--------+--------+--------+--------+--------+-----+--------+

Top non-repeatable levels by time:
     D:1: 1049 daAuts
     D:2: 46 daAuts
